 Dungeon Crawl Stone Soup version 0.31-a0-358-gac0dbeb3ab (webtiles) character file.

Game seed: 5954601826331814866

126 Bnni the Changeling (level 5, -5/35 HPs)
             Began as an Octopode Shapeshifter on July 25, 2023.
             Slain by an orc
             ... wielding a +2 flail of protection
              (8 damage)
             ... on level 2 of the Dungeon.
             The game lasted 00:02:05 (1579 turns).

Bnni the Changeling (Octopode Shapeshifter)         Turns: 1579, Time: 00:02:06

Health: -5/35      AC:  1    Str: 16    XL:     5   Next: 9%
Magic:  5/5        EV: 13    Int: 11    God:
Gold:   98         SH:  0    Dex: 14    Spells: 4/4 levels left

rFire   + . .        p - +7 falchion of Belueh {flame, rF+ Will+ Str+2}
rCold   . . .        (no shield)
rNeg    . . .        (helmet currently unavailable)
rPois   .            (no amulet)
rElec   .            n - ring of flight
rCorr   .            (no ring)
SInv    .            (no ring)
Will    +....        (no ring)
Stlth   ++           (no ring)
HPRegen 0.25/turn    (no ring)
MPRegen 0.09/turn    (no ring)
                     (no ring)

%: no passive effects
@: beast-form, flying
A: beast (slay +2), almost no armour, amphibious, 8 rings, camouflage 1,
gelatinous body 1, (nimble swimmer 1), tentacles
a: Begin Untransformation


You were on level 2 of the Dungeon.
You were a hulking beast.
You visited 1 branch of the dungeon, and saw 3 of its levels.

You collected 98 gold pieces.

Inventory:

Hand Weapons
 p - the +7 falchion of Belueh (weapon) {flame, rF+ Will+ Str+2}
   (You found it on level 3 of the Dungeon)

   Str:       It affects your strength (+2).
   rF:        It protects you from fire.
   Will:      It increases your willpower.
Jewellery
 n - a ring of flight (left tentacle)
Talismans
 b - a beast talisman
 h - a maw talisman
Scrolls
 d - 2 scrolls of noise {unknown}
 e - 2 scrolls of teleportation {unknown}
 j - a scroll of torment {unknown}
 k - a scroll of brand weapon {unknown}
 l - 2 scrolls of vulnerability {unknown}
 o - a scroll of fog {unknown}
 q - a scroll of enchant weapon {unknown}
 r - a scroll of identify {unknown}
Potions
 a - a potion of lignification
 c - a potion of haste {unknown}
 f - a potion of might {unknown}
 g - a potion of degeneration {unknown}
 i - 2 potions of curing {unknown}
 m - a potion of mutation {unknown}


   Skills:
 + Level 2.4 Fighting
 - Level 2.0 Dodging
 + Level 3.8 Unarmed Combat
 * Level 4.1 Shapeshifting


You had 4 spell levels left.
You didn't know any spells.
Your spell library contained the following spells:

 Spells                   Type           Power      Damage    Failure   Level
 Magic Dart               Conj           0%         1d3       34%         1
 Call Imp                 Summ           0%         N/A       47%         2
 Cigotuvi's Dreadful Rot  Necr/Pois/Air  0%         N/A       47%         2
 Mephitic Cloud           Conj/Pois/Air  0%         N/A       71%         3
 Dispel Undead            Necr           0%         3d6       98%         4
 Death Channel            Necr           0%         N/A       100%        6


Dungeon Overview and Level Annotations

Branches:
Dungeon (3/15)

Altars:
Nemelex Xobeh


Innate Abilities, Weirdness & Mutations

You are a hulking beast.
Your limbs bulge with bestial killing power. (Slay +2)
You cannot wear most types of armour.
You are amphibious.
You can wear up to eight rings at the same time.
Your skin changes colour to match your surroundings (Stealth+).
Your rubbery body absorbs attacks. (AC +1, EV +1)
((You are camouflaged when in or above water. (Stealth+)))
You have tentacles for arms and can constrict up to eight enemies at once.


Message History

Things that are here:
a +0 flail; a +0 dagger; an orc corpse A white imp comes into view.
An orc comes into view. It is wielding a +0 whip.
The orc barely misses you.
An orc comes into view.
It is wielding a +2 flail of protection.
The white imp shouts, "Away with thee, thou vain saucy nobody!"
The orc shouts!
You slash the orc! You burn the orc.
You kill the orc!
You slash the orc! You burn the orc.
You kill the orc!
An orc wizard comes into view. It is wielding a +0 dagger.
A quokka comes into view.
The white imp gestures at you. The puff of frost hits you!
A rat comes into view.
Items here: )) [ †.
Unknown command.
The orc misses you. x2
The orc attacks as you move away! The orc barely misses you.
The white imp attacks as you move away!
The white imp hits you but does no damage.
Found a stone staircase leading up.
The white imp gestures at you. The puff of frost misses you.
The orc attacks as you move away!
The orc hits you with a +2 flail of protection!
There is an escape hatch in the ceiling here.
The orc hits you with a +2 flail of protection!
* * * LOW HITPOINT WARNING * * *
A mysterious force pulls you upwards. The hatch slams shut behind you.
Unknown command.
Okay, then.
You hit the orc. You burn the orc. You grab the orc.
Your squeeze misses the orc.
The orc is heavily wounded.
You constrict the orc, but do no damage.
The orc hits you with a +2 flail of protection!
You die...

#>...'.........'...+......
#.####.........#####......
#..# #.........### #......
##.###...........###......
#...'...........'.'......
#####...........###.....)
#...........# #######
##..........# #.oh...#####
#.......# #.......#
#...._..# #.......#
#.......# #.......#
#########


You could see an orc.

Vanquished Creatures
  A jelly (D:3)
  An iguana (D:3)
  2 adders (D:2)
  3 dart slugs
  4 orcs (D:3)
  An endoplasm (D:1)
  3 giant cockroaches
  5 goblins
  2 hobgoblins (D:1)
  3 jackals (D:1)
  3 kobolds
  A quokka (D:1)
  2 ball pythons
  6 bats
  5 frilled lizards
  A rat (D:2)
43 creatures vanquished.

Notes
Turn   | Place    | Note
-------+----------+-------------------------------------------
     0 | D:1      | Bnni the Octopode Shapeshifter began the quest for the Orb.
     0 | D:1      | Reached XP level 1. HP: 13/13 MP: 1/1
   208 | D:1      | Reached XP level 2. HP: 17/18 MP: 2/2
   578 | D:1      | Reached XP level 3. HP: 20/23 MP: 3/3
  1123 | D:2      | Found a sparkling altar of Nemelex Xobeh.
  1419 | D:3      | Reached XP level 4. HP: 29/29 MP: 4/4
  1430 | D:3      | Reached skill level 4 in Shapeshifting
  1525 | D:3      | Identified the +7 falchion of Belueh {flame, rF+ Will+
                  | Str+2}
  1528 | D:3      | Reached XP level 5. HP: 34/35 MP: 5/5
  1579 | D:2      | Slain by an orc

Illustrated notes

Levels and vault maps discovered:
D:1:      dpeg_cavernosity, layout_basic, serial_bayou, serial_bayou_pond_d,
          serial_bayou_pond_e, serial_bayou_pond_a, serial_bayou_lagoon_a
D:2:      layout_basic, basic_altar, hex_tiny
D:3:      layout_rooms

Skill      XL: |  1  2  3  4 |
---------------+-------------+-----
Fighting       | 2 |  2.4
Shapeshifting  | 4 |  4.1
Dodging        | |  2.0
Unarmed Combat | |  3.8

Action                     |  1- 3 |  4- 6 || total
---------------------------+-------+-------++-------
  Melee: Unarmed           |    56 |    10 ||    66
         Constrict         |    12 |     6 ||    18
         Tentacles         |     7 |     2 ||     9
         Punch             |     1 |       ||     1
         Falchion          |       |     8 ||     8
   Stab: Sleeping          |    12 |       ||    12
 Armour: Skin              |     4 |     2 ||     6
  Dodge: Dodged            |    28 |    15 ||    43

Table legend: (Time is in decaauts)
 A = Elapsed time spent in this place.
 B = Non-inter-level travel time spent in this place.
 C = Inter-level travel time spent in this place.
 D = Time resting spent in this place.
 E = Time spent auto-exploring this place.
 F = Levels seen in this place.
 G = Mean time per level.
                   A        B        C        D        E       F      G
               +--------+--------+--------+--------+--------+-----+--------+
         Total |   1574 |   1509 |     65 |      0 |   1272 |   3 |  524.7 |
       Dungeon |   1574 |   1509 |     65 |      0 |   1272 |   3 |  524.7 |
               +--------+--------+--------+--------+--------+-----+--------+

Top non-repeatable levels by time:
     D:1: 790 daAuts
     D:2: 619 daAuts
     D:3: 164 daAuts
